 Dungeon Crawl Stone Soup version 0.30-a0-585-g93115170b9 (webtiles) character file.

Game seed: 16127162505213158269

25 lunkers the Slasher (level 3, -4/29 HPs)
             Began as a Meteoran Warper on Jan 2, 2023.
             Was a Follower of Ru.
             Slain by Terence
             ... wielding a +2 flail of holy wrath
              (12 damage)
             ... on level 2 of the Dungeon.
             The game lasted 00:03:00 (740 turns).

lunkers the Slasher (Meteoran Warper)                Turns: 740, Time: 00:03:01

Health: -4/29      AC:  3    Str: 14    XL:     3   Next: 35%
Magic:  3/8        EV: 12    Int: 15    God:    Ru [*.....]
Gold:   76         SH:  0    Dex: 13    Spells: 2/7 levels left

rFire   . . .      SeeInvis .    a - +0 falchion
rCold   . . .      Faith    .    (no shield)
rNeg    . . .      Spirit   .    b - +0 leather armour
rPois   .          Reflect  .    (no helmet)
rElec   .          Harm     .    (no cloak)
rCorr   .          Rampage  .    (no gloves)
Will    .....                    (no boots)
Stlth   +                        (no amulet)
HPRegen 0.24/turn                (no ring)
MPRegen 0.11/turn                (no ring)

@: glowing, unable to read
A: sense surroundings 1, inability to read after injury 2, otherworldly,
glowing, explore regen
a: Renounce Religion


You were on level 2 of the Dungeon.
You worshipped Ru.
Ru was aware of your devotion.
You visited 1 branch of the dungeon, and saw 2 of its levels.

You collected 76 gold pieces.

Inventory:

Hand Weapons
 a - a +0 falchion (weapon)
Missiles
 d - 6 boomerangs of dispersal
Armour
 b - a +0 leather armour (worn)
 l - a +0 cloak
Scrolls
 c - a scroll of blinking
 e - a scroll of summoning {unknown}
 h - a scroll of amnesia {unknown}
 k - a scroll of identify {unknown}
Potions
 f - a potion of magic {unknown}
 g - 2 potions of might {unknown}
 i - a potion of degeneration {unknown}
 j - a potion of lignification {unknown}


   Skills:
 - Level 2.1 Fighting
 * Level 4.0 Long Blades
 - Level 1.2 Throwing
 - Level 1.2 Armour
 - Level 2.4 Dodging
 - Level 2.6 Spellcasting
 + Level 3.7 Translocations
 + Level 0.3 Air Magic


You had 2 spell levels left.
You knew the following spells:

 Your Spells              Type           Power      Damage    Failure   Level
b - Vhi's Electric Charg  Tloc/Air       16%        N/A       32%         3
p - Blink                 Tloc           26%        N/A       9%          2

Your spell library contained the following spells:

 Spells                   Type           Power      Damage    Failure   Level
 Lesser Beckoning         Tloc           26%        N/A       17%         3
 Teleport Other           Tloc           13%        N/A       17%         3
 Portal Projectile        Hex/Tloc       14%        N/A       34%         3
 Manifold Assault         Tloc           13%        N/A       50%         4
 Tukima's Dance           Hex            2%         N/A       58%         3
 Blade Hands              Tmut           1%         N/A       100%        5


Dungeon Overview and Level Annotations

Branches:
Dungeon (2/15) Zot: 451

Altars:
Ru

Annotations:
D:2 Terence


Innate Abilities, Weirdness & Mutations

You passively map a small area around you.
You sometimes lose the ability to read scrolls when taking damage.
You are easily found by Zot.
You glow in the dark.
You regain HP and MP as you explore.


Message History

* * * LOW HITPOINT WARNING * * *
You hit Terence but do no damage.
Terence is lightly wounded.
Terence hits you with a +2 flail of holy wrath.
* * * LOW HITPOINT WARNING * * *
You hit Terence.
Terence is heavily wounded.
Terence hits you with a +2 flail of holy wrath.
* * * LOW HITPOINT WARNING * * *
Your magical contamination has completely faded away.
You aren't carrying any items that you can evoke.
Casting: Vhi's Electric Charge (extremely dangerous; 32% risk of failure)
Confirm with . or Enter, or press ? or * to list all spells.
Okay, then.
Casting: Vhi's Electric Charge (extremely dangerous; 32% risk of failure)
Confirm with . or Enter, or press ? or * to list all spells.
You blink.
Throw: 7 boomerangs (disperse)
Press: ? - help, Shift-Dir - straight line, f/p - Terence
Aim: Terence, wielding a +2 flail of holy wrath and wearing a +0 chain mail (heavily wounded, 65% to hit)
You throw a boomerang of dispersal.
The boomerang of dispersal hits Terence.
Terence blinks!
You see here a +0 cloak.
l - a +0 cloak You feel stable enough to blink again.
Casting: Blink (safe; 9% risk of failure)
Confirm with . or Enter, or press ? or * to list all spells.
Okay, then.
Casting: Blink (safe; 9% risk of failure)
Confirm with . or Enter, or press ? or * to list all spells.
The spell is extremely dangerous to miscast (32% risk of failure)!
Continue anyway?
Charge where?
Press: ? - help, Dir - move target, f/p - Terence
Aim: Terence, wielding a +2 flail of holy wrath and wearing a +0 chain mail (heavily wounded, 86% to hit)
You charge forward with an electric crackle!
You barely miss Terence.
Terence is heavily wounded.
Terence hits you with a +2 flail of holy wrath!
You die...

, , * ,
#..###.....###### ,
#...#........... #.
##....##.#..... , ,
#. #........#.....
, , #.*
##.#..##..#..... *
*#######.###..#.##
#....###
#...........##>#
#.##..
#.........@#...# .#
* #...(....@.#.###
* #........○.#.# ,
#.......○....# ,,
#..........### *
###### #.<........#
*#### .....#
#..........# * *
....
.....###..........#
,, ####
..................#
*,
......#############


You could see Terence.

Vanquished Creatures
  7 ball pythons
  3 endoplasms
  A goblin (D:1)
  4 jackals (D:1)
  2 quokkas
  2 kobolds (D:1)
  2 rats (D:1)
21 creatures vanquished.

Notes
Turn   | Place    | Note
-------+----------+-------------------------------------------
     0 | D:1      | lunkers the Meteoran Warper began the quest for the Orb.
     0 | D:1      | Reached XP level 1. HP: 17/17 MP: 5/5
   152 | D:1      | Reached skill level 3 in Long Blades
   152 | D:1      | Reached XP level 2. HP: 11/24 MP: 6/6
   154 | D:1      | Found a faded altar of an unknown god.
   185 | D:1      | Prayed at the altar of an unknown god.
   185 | D:1      | Became a worshipper of Ru the Awakened
   189 | D:1      | Learned a level 2 spell: Blink
   209 | D:1      | Gained mutation: You occasionally lose the ability to read
                  | scrolls when taking damage. [Ru sacrifice]
   209 | D:1      | Gained mutation: You sometimes lose the ability to read
                  | scrolls when taking damage. [Ru sacrifice]
   209 | D:1      | Reached * piety under Ru
   393 | D:1      | Reached XP level 3. HP: 26/29 MP: 8/8
   397 | D:1      | Learned a level 3 spell: Vhi's Electric Charge
   494 | D:1      | Glimpsed the power of Zot.
   543 | D:1      | Glimpsed the power of Zot.
   621 | D:2      | Reached skill level 4 in Long Blades
   722 | D:2      | Noticed Terence
   740 | D:2      | Slain by Terence

Illustrated notes

Levels and vault maps discovered:
D:1:      giann_wishing_wells, layout_loops_ring,
          nicolae_ecumenical_snake_handling, serial_forest,
          infiniplex_forest_lined_room_2, infiniplex_forest_clump_medium,
          infiniplex_forest_lined_3_way, infiniplex_forest_lined_3,
          infiniplex_forest_end_1, infiniplex_forest_clump_diagonal
D:2:      layout_rooms, uniq_terence

Skill      XL: |  1  2  3 |
---------------+----------+-----
Long Blades    | 3 4 |  4.0
Fighting       | |  2.1
Throwing       | |  1.2
Armour         | |  1.2
Dodging        | |  2.4
Spellcasting   | |  2.6
Translocations | |  3.7
Air Magic      | |  0.3

Action                   || total
-------------------------++-------
Melee: Falchion          ||    61
Throw: Boomerang         ||     1
 Cast: Blink             ||     1
       Vhi's Electric Ch ||     1
Invok: Sacrifice Words   ||     1
Armor: Leather armour    ||    10
Dodge: Dodged            ||    33

Table legend: (Time is in decaauts)
 A = Elapsed time spent in this place.
 B = Non-inter-level travel time spent in this place.
 C = Inter-level travel time spent in this place.
 D = Time resting spent in this place.
 E = Time spent auto-exploring this place.
 F = Levels seen in this place.
 G = Mean time per level.
                   A        B        C        D        E       F      G
               +--------+--------+--------+--------+--------+-----+--------+
         Total |    747 |    687 |     60 |      0 |    518 |   2 |  373.5 |
       Dungeon |    747 |    687 |     60 |      0 |    518 |   2 |  373.5 |
               +--------+--------+--------+--------+--------+-----+--------+

Top non-repeatable levels by time:
     D:1: 582 daAuts
     D:2: 165 daAuts
